 Dungeon Crawl Stone Soup version 0.27-a0-1278-g6cbc8dfb29 (webtiles) character file.

Game seed: 8132488965522346183

56 pokeman the Magician (level 3, -2/20 HPs)
             Began as a Deep Elf Hedge Wizard on June 12, 2021.
             Succumbed to Ijyb's poison
             ... on level 3 of the Dungeon.
             The game lasted 00:03:06 (2619 turns).

pokeman the Magician (Deep Elf Hedge Wizard)        Turns: 2619, Time: 00:03:07

Health: -2/20      AC:  3    Str:  7    XL:     3   Next: 69%
Magic:  9/11       EV: 12    Int: 19    God:
Gold:   43         SH:  0    Dex: 14    Spells: 1/12 levels left

rFire    . . .     SeeInvis .   h - +0 long sword
rCold    . . .     Faith    .   (no shield)
rNeg     . . .     Spirit   .   m - +0 leather armour
rPois    .         Reflect  .   c - +0 hat
rElec    .         Harm     .   (no cloak)
rCorr    .         Rampage  .   (no gloves)
Will     .....                  (no boots)
Stlth    ++........             (no amulet)
HPRegen  0.06/turn              (no ring)
MPRegen  0.12/turn              (no ring)

@: lethally poisoned (-2 -> -20), very slightly contaminated
A: no striking features
a: no special abilities


You were on level 3 of the Dungeon.
You visited 1 branch of the dungeon, and saw 3 of its levels.

You collected 43 gold pieces.

Inventory:

Hand Weapons
 h - a +0 long sword (weapon)
Missiles
 i - 24 bolts
Armour
 c - a +0 hat (worn)
 m - a +0 leather armour (worn)
Jewellery
 g - an amulet of faith
Scrolls
 a - a scroll of fog {unknown}
 b - a scroll of enchant armour {unknown}
 d - a scroll of fear {unknown}
 k - a scroll of enchant weapon {unknown}
Potions
 e - a potion of might {unknown}
 f - 2 potions of curing {unknown}
 j - a potion of attraction {unknown}
 l - a potion of heal wounds {unknown}


   Skills:
 - Level 1.0 Fighting
 - Level 1.0 Armour
 + Level 2.5 Dodging
 - Level 2.4 Stealth
 * Level 5.3 Spellcasting
 + Level 2.0 Conjurations
 - Level 1.1 Summonings
 - Level 1.1 Translocations
 + Level 0.0 Fire Magic


You had one spell level left.
You knew the following spells:

 Your Spells              Type           Power      Damage    Failure   Level
a - Magic Dart            Conj           48%        1d5       8%          1
b - Mephitic Cloud        Conj/Pois/Air  7%         N/A       38%         3
c - Call Imp              Summ           9%         N/A       17%         2
d - Blink                 Tloc           N/A        N/A       17%         2
e - Conjure Flame         Conj/Fire      8%         6-21      34%         3

Your spell library contained the following spells:

 Spells                   Type           Power      Damage    Failure   Level
 Slow                     Hex            5%         N/A       26%         2


Dungeon Overview and Level Annotations

Branches:
Dungeon (3/15)

Altars:

Annotations:
D:3 Ijyb


Message History

Casting: Magic Dart (safe; 8% risk of failure)
Confirm with . or Enter, or press ? or * to list all spells.
You can't see any susceptible monsters within range! (Use Z to cast anyway.) Unknown command.
You open the door.
Done exploring.
Done exploring.
There is an open door here.
You see here a +0 dagger.
There is a stone staircase leading down here.
You climb downwards.
There is a stone staircase leading up here.
Ijyb the Twisted Goblin comes into view.
She is wielding a +1 dagger of venom and carrying a wand of charming (9).
Casting: Magic Dart (safe; 8% risk of failure)
Confirm with . or Enter, or press ? or * to list all spells.
The spell is potentially lethal to cast (38% risk of failure)!
Continue anyway?
Aiming: Mephitic Cloud (potentially lethal; 38% risk of failure)
Press: ? - help, Shift-Dir - straight line, f - Ijyb
Aim: Ijyb, wielding a +1 dagger of venom, wearing a +0 leather armour and carrying a wand of charming (9) (chance to affect: 86%)
You miscast Mephitic Cloud.
You are very lightly contaminated with residual magic.
Nothing appears to happen.
Ijyb zaps a wand.
Your will is overpowered!
You are confused.
There are no items here.
Ijyb hits you with a +1 dagger of venom!
You are lethally poisoned!
You feel very sick.
You're too confused to move!
* * * LOW HITPOINT WARNING * * *
You feel very sick.
Ijyb zaps a wand.
You resist with some effort.
You bump into the closed door.
* * * LOW HITPOINT WARNING * * *
You feel sick.
Ijyb hits you with a +1 dagger of venom.
* * * LOW HITPOINT WARNING * * *
You are more poisoned.
You bump into the closed door.
You feel less confused.
You die...

#.# #.# #.# ####.#
#+# .....###@#
#....g# +.....#
############.....#
#<##.............#
#.##.######.##.#.#
......# #.##.#.#
.###..# #.##.#.# .
#..# #.##.#.#


You could see Ijyb.

Vanquished Creatures
  An adder (D:2)
  2 dart slugs
  6 endoplasms
  A giant cockroach (D:1)
  6 goblins
  3 hobgoblins
  3 quokkas
  A ball python (D:2)
  3 bats
  5 frilled lizards
  4 kobolds
  5 rats
40 creatures vanquished.

Notes
Turn   | Place    | Note
-------+----------+-------------------------------------------
     0 | D:1      | pokeman the Deep Elf Hedge Wizard began the quest for the
                  | Orb.
     0 | D:1      | Reached XP level 1. HP: 10/10 MP: 7/7
   374 | D:1      | Reached XP level 2. HP: 9/16 MP: 2/9
   715 | D:1      | Found a faded altar of an unknown god.
   945 | D:1      | Reached skill level 5 in Spellcasting
  1102 | D:1      | Reached XP level 3. HP: 20/20 MP: 4/11
  1106 | D:1      | Learned a level 3 spell: Mephitic Cloud
  1109 | D:1      | Learned a level 2 spell: Call Imp
  1112 | D:1      | Learned a level 2 spell: Blink
  1116 | D:1      | Learned a level 3 spell: Conjure Flame
  1829 | D:2      | Reached skill level 1 in Fighting
  1990 | D:2      | Reached skill level 1 in Armour
  2609 | D:3      | Noticed Ijyb
  2619 | D:3      | Succumbed to Ijyb's poison

Illustrated notes

Levels and vault maps discovered:
D:1:      minmay_arrival_widening_spiral_wide, layout_basic,
          shapermc_ecumenical_altar_venn
D:2:      layout_basic
D:3:      layout_basic, hangedman_ru_absence, serial_shops,
          nicolae_shop_behind_doors, uniq_ijyb, uniq_jessica

Skill      XL: |  1  2  3 |
---------------+----------+-----
Spellcasting   | 5 |  5.3
Fighting       | 1 |  1.0
Armour         | 1 |  1.0
Conjurations   | 2 |  2.0
Dodging        | |  2.5
Stealth        | |  2.4
Summonings     | |  1.1
Translocations | |  1.1

Action                   || total
-------------------------++-------
Melee: Dagger            ||     3
       Long sword        ||     3
 Cast: Magic Dart        ||    92
Armor: Robe              ||     3
Dodge: Dodged            ||     9
       Rpst.: Long sword ||     2

Table legend: (Time is in decaauts)
 A = Elapsed time spent in this place.
 B = Non-inter-level travel time spent in this place.
 C = Inter-level travel time spent in this place.
 D = Time resting spent in this place.
 E = Time spent auto-exploring this place.
 F = Levels seen in this place.
 G = Mean time per level.
                   A        B        C        D        E       F      G
               +--------+--------+--------+--------+--------+-----+--------+
         Total |   2619 |   2529 |     90 |      0 |   2311 |   3 |  873.0 |
       Dungeon |   2619 |   2529 |     90 |      0 |   2311 |   3 |  873.0 |
               +--------+--------+--------+--------+--------+-----+--------+

Top non-repeatable levels by time:
     D:1: 1496 daAuts
     D:2: 1092 daAuts
     D:3: 30 daAuts
